AoeStats
← stop_whining_start_winning

Lombardia

510137314Analyzed
4v4 RM · 4d ago on Sep 29, 2026· 24m 40s· 8 players
Game mode
Random Map
Map size
Large (8 player)
Population
200
Speed
Normal
Resources
Standard
Victory
Conquest
Starting age
Dark Age
Ending age
Imperial Age
RankedLock teamsTeams togetherTeam positionsShared explorationLock speedFull tech treeHidden civsTurbo modeCheats
Victory
Defeat
🇧🇷 Varangians · Brazil
1623
+15
1523
+19
🇨🇳 Persians · China
1490
+20
1485
+20
🇦🇺 Huns · Australia
1598
-19
🇭🇰 Persians · Hong Kong SAR China
1592
-19
🇸🇮 Franks · Slovenia
1587
-19
🇨🇳 Britons · China
1560
-17
ResonanceFreq
5:51 Loom
10:36 Feudal Age
14:31 Castle Age
13:10 Double-Bit Axe
13:07 Horse Collar
16:49 Bow Saw
21:09 Heavy Plow
23:02 Wheelbarrow
A spoon full of love
8:41 Loom
11:31 Feudal Age
15:32 Castle Age
13:34 Double-Bit Axe
16:30 Bow Saw
19:04 Wheelbarrow
22:08 Stone Mining
23:36 Hand Cart
23:27 Gold Mining
超级硬邦邦
7:15 Loom
10:33 Feudal Age
11:06 Double-Bit Axe
11:12 Stone Mining
11:11 Horse Collar
15:35 Gold Mining
19:35 Castle Age
21:34 Gold Shaft Mining
21:46 Wheelbarrow
21:54 Bow Saw
24:25 Town Watch
kenny yip
8:38 Loom
10:56 Feudal Age
15:16 Castle Age
13:24 Double-Bit Axe
13:21 Horse Collar
16:06 Bow Saw
15:57 Heavy Plow
22:21 Stone Mining
24:09 Gold Mining
24:30 Scale Barding Armor
25:27 Wheelbarrow
enzoyin68
10:21 Feudal Age
13:59 Castle Age
12:07 Double-Bit Axe
12:34 Horse Collar
15:16 Bow Saw
19:00 Loom
22:28 Wheelbarrow
23:32 Heavy Plow
24:40 Hand Cart
24:33 Gold Mining
Sorrateiro
8:59 Loom
11:36 Feudal Age
12:15 Town Watch
12:29 Double-Bit Axe
12:35 Gold Mining
15:20 Castle Age
13:49 Horse Collar
22:41 Bow Saw
25:53 Wheelbarrow
DetectiveYemitoShumafuk
10:16 Feudal Age
14:18 Castle Age
12:36 Loom
13:31 Padded Archer Armor
13:59 Fletching
14:15 Double-Bit Axe
20:32 Bow Saw
20:34 Horse Collar
21:57 Bodkin Arrow
stop_whining_start_winning
7:17 Loom
11:50 Feudal Age
15:26 Castle Age
13:39 Double-Bit Axe
13:35 Horse Collar
13:48 Fletching
16:44 Bow Saw
20:30 Town Watch
20:24 Crossbowman
21:29 Crossbowman
23:00 Fletching
24:32 Wheelbarrow
25:02 Bodkin Arrow
Connection lost

Rejoining the realm…

Still unreachable

The connection could not be restored.

Session expired

The server has moved on; the page needs a fresh start.